AoeStats
← HardmanGunner

Arena

510419657Analyzed
2v2 RM · 1d ago on Sep 30, 2026· 34m 3s· 4 players
Game mode
Random Map
Map size
Medium (4 player)
Population
200
Speed
Normal
Resources
Standard
Victory
Conquest
Starting age
Dark Age
Ending age
Imperial Age
RankedLock teamsTeams togetherTeam positionsShared explorationLock speedFull tech treeHidden civsTurbo modeCheats
Victory
Defeat
🇺🇸 Franks · United States
1470
+12
🇺🇸 Italians · United States
1282
+20
🇮🇪 Turks · Ireland
1383
-16
🇺🇸 Burgundians · United States
1379
-16
Kyrisser
10:43 Feudal Age
11:43 Double-Bit Axe
14:27 Castle Age
17:01 Bow Saw
18:41 Loom
20:25 Wheelbarrow
21:50 Town Watch
22:02 Gold Mining
23:04 Scale Barding Armor
22:59 Stone Mining
24:11 Forging
25:19 Chain Barding Armor
25:17 Fletching
29:46 Husbandry
CrazyFoxMan
10:47 Feudal Age
14:19 Castle Age
13:09 Double-Bit Axe
16:21 Bow Saw
20:51 Horse Collar
22:45 Fletching
23:43 Bodkin Arrow
23:48 Padded Archer Armor
25:23 Leather Archer Armor
26:35 Ballistics
26:26 Masonry
26:19 Loom
27:48 Wheelbarrow
30:34 Imperial Age
29:40 Hand Cart
29:50 Bow Saw
29:47 Heavy Plow
30:47 Elite Genoese Crossbowman
32:16 Bracer
33:32 Chemistry
33:05 Ring Archer Armor
33:20 Conscription
34:04 Crop Rotation
HardmanGunner
0:47 Loom
10:38 Feudal Age
11:33 Loom
15:07 Castle Age
13:10 Double-Bit Axe
13:43 Horse Collar
20:41 Imperial Age
19:15 Padded Archer Armor
21:13 Leather Archer Armor
22:46 Gold Mining
33:12 Ring Archer Armor
Protein Shake
11:19 Feudal Age
12:47 Wheelbarrow
15:34 Castle Age
13:19 Horse Collar
13:47 Double-Bit Axe
14:11 Gold Mining
14:37 Loom
17:23 Gold Shaft Mining
17:21 Cavalier
18:51 Husbandry
26:08 Scale Barding Armor
26:15 Forging
28:12 Hand Cart
Connection lost

Rejoining the realm…

Still unreachable

The connection could not be restored.

Session expired

The server has moved on; the page needs a fresh start.